 Dungeon Sprint DCSS version 0.26-a0-639-g72c4674329 (webtiles) character file.

Game seed: 13543852394002263682

424 Gottschkopf the Warrior (level 6, -1/96 HPs)
             Began as an Ogre Berserker on Sept 15, 2020.
             Was a Believer of Trog.
             Slain by Sonja
             ... wielding a +2 dagger of distortion
              (5 damage)
             ... in the Dungeon (Sprint I: "Red Sonja").
             The game lasted 00:01:33 (549 turns).

Gottschkopf the Warrior (Ogre Berserker)             Turns: 549, Time: 00:01:34

Health: -1/96      AC:  3    Str: 24    XL:     6   Next: 96%
Magic:  6/6        EV: 10    Int:  8    God:    Trog [**....]
Gold:   297        SH:  0    Dex:  8    Spells: 5/5 levels left

rFire    . . .     SeeInvis .   e - +0 giant spiked club
rCold    . . .     Faith    .   (shield currently unavailable)
rNeg     . . .     Spirit   .   b - +0 animal skin
rPois    .         Reflect  .   (helmet restricted)
rElec    .         Harm     .   (no cloak)
rCorr    .         Rampage  .   (gloves unavailable)
MR       .....     NoTele   +   (boots unavailable)
Stlth    +.........             (no amulet)
HPRegen  0.26/turn              (no ring)
MPRegen  0.10/turn              (no ring)

@: lethally poisoned (-1 -> -52), berserk cooldown, slowed, very slow
A: large, unfitting armour, tough skin 1
a: Berserk, Trog's Hand, Renounce Religion


You were in the Dungeon.
You worshipped Trog.
Trog was pleased with you.
You visited 1 branch You collected 297 gold pieces.

Inventory:

Hand Weapons
 a - a +0 mace
 e - a +0 giant spiked club (weapon)
Armour
 b - a +0 animal skin (worn)
Scrolls
 h - a scroll of blinking
 i - 2 scrolls of identify {unknown}
Potions
 c - a potion of curing
 d - a potion of heal wounds
 f - 2 potions of magic
 g - a potion of berserk rage


   Skills:
 + Level 17.5 Fighting
 - Level 2.6 Maces & Flails
 - Level 2.6 Dodging


You had 5 spell levels left.
You didn't know any spells.
Your spell library was empty.

Dungeon Overview and Level Annotations

Branches:
Dungeon (1/1)

Altars:
Cheibriados
Dithmenos
Elyvilon
Fedhas
Gozag
Hepliaklqana
Kikubaaqudgha
Nemelex Xobeh
Okawaru
Qazlal
Ru
Sif Muna
Trog
Uskayaw
Vehumet
Wu Jian
Yredelemnul
Zin
The Shining One

Shops:
D (

Annotations:
D Sonja


Innate Abilities, Weirdness & Mutations

You are too large for most types of armour.
You have tough skin. (AC +1)


Message History

Sonja hits you with a +2 dagger of distortion.
Space warps horribly around you. Sonja hits you but does no damage.
Space bends around you.
* * * LOW HITPOINT WARNING * * *
Sonja closely misses you. Sonja misses you. Sonja closely misses you.
Sonja mumbles some strange words.
Sonja blinks!
* * * LOW HITPOINT WARNING * * *
You feel very sick.
Sonja throws a curare-tipped dart.
The curare-tipped dart hits you.
You are more poisoned.
You have difficulty breathing.
* * * LOW HITPOINT WARNING * * *
You feel as though you will be slow longer.
* * * LOW HITPOINT WARNING * * *
You feel extremely sick. Sonja hits you but does no damage.
Space bends around you.
* * * LOW HITPOINT WARNING * * *
Sonja hits you with a +2 dagger of distortion.
You die...

################
#<.#..'..#..'..#
#..)..#..)..#.K+
#..#####'#####@#
#..####..#...#.#
#..#__####..##.#
#..#_____##'#_.+
#⌠⌠#_.∩...†.((_#
####_..__##_(#+#
#_____###(#
####### #.# $.$


You could see Sonja.

Vanquished Creatures
  A yak (D)
  Sigmund (D)
  An ogre (D)
  A jelly (D)
  Ijyb (D)
5 creatures vanquished.

Vanquished Creatures (others)
  A gargoyle (D)
1 creature vanquished.

Grand Total: 6 creatures vanquished

Notes
Turn   | Place    | Note
-------+----------+-------------------------------------------
     0 | D        | Gottschkopf the Ogre Berserker began the quest for the Orb.
     0 | D        | Reached XP level 1. HP: 24/24 MP: 1/1
     1 | D        | Noticed Ijyb
    19 | D        | Killed Ijyb
    19 | D        | Reached skill level 8 in Fighting
    19 | D        | Reached XP level 2. HP: 21/42 MP: 2/2
    19 | D        | Reached XP level 3. HP: 25/49 MP: 3/3
    22 | D        | Killed a gargoyle
   184 | D        | Noticed an ogre
   189 | D        | Killed an ogre
   189 | D        | Reached skill level 12 in Fighting
   189 | D        | Reached XP level 4. HP: 67/67 MP: 4/4
   201 | D        | Noticed Sigmund
   210 | D        | Killed Sigmund
   210 | D        | Reached ** piety under Trog
   210 | D        | Reached skill level 15 in Fighting
   210 | D        | Reached XP level 5. HP: 42/81 MP: 5/5
   210 | D        | Reached XP level 6. HP: 47/91 MP: 6/6
   391 | D        | Found a shimmering blue altar of Sif Muna.
   392 | D        | Found an ornate altar of the Wu Jian Council.
   393 | D        | Found a radiant altar of Vehumet.
   406 | D        | Found Ysheze Zurgh's Antique Weapon Emporium.
   406 | D        | Found an ancient bone altar of Kikubaaqudgha.
   406 | D        | Found a hazy altar of Hepliaklqana.
   406 | D        | Found a stormy altar of Qazlal.
   406 | D        | Found a hide-covered altar of Uskayaw.
   406 | D        | Found a blossoming altar of Fedhas.
   406 | D        | Found a bloodstained altar of Trog.
   406 | D        | Found an iron altar of Okawaru.
   406 | D        | Found a basalt altar of Yredelemnul.
   406 | D        | Found a glowing golden altar of the Shining One.
   406 | D        | Found a snail-covered altar of Cheibriados.
   406 | D        | Found a sacrificial altar of Ru.
   406 | D        | Found a glowing silver altar of Zin.
   406 | D        | Found a shadowy altar of Dithmenos.
   406 | D        | Found a white marble altar of Elyvilon.
   406 | D        | Noticed a yak
   409 | D        | Killed a yak
   409 | D        | Reached skill level 17 in Fighting
   410 | D        | Found an opulent altar of Gozag.
   411 | D        | Found a sparkling altar of Nemelex Xobeh.
   540 | D        | Noticed Sonja
   549 | D        | HP: 4/96 [Sonja/+2 dagger of distortion (3)]
   549 | D        | Slain by Sonja

Illustrated notes

Levels and vault maps discovered:
D:        dungeon_sprint_1 [red_sonja_temple_1, red_sonja_temple_small_1]

Skill      XL: |  1  2  3  4  5  6 |
---------------+-------------------+-----
Fighting       | 8 12 15 17 | 17.5
Maces & Flails | |  2.6
Dodging        | |  2.6

Action                   |  1- 3 |  4- 6 || total
-------------------------+-------+-------++-------
Melee: Mace              |    21 |       ||    21
       Giant spiked club |       |    10 ||    10
Invok: Berserk           |     1 |     1 ||     2
  Use: Potion            |     1 |       ||     1
Armor: Animal skin       |     2 |     4 ||     6
Dodge: Dodged            |     4 |    13 ||    17

Table legend: (Time is in decaauts)
 A = Elapsed time spent in this place.
 B = Non-inter-level travel time spent in this place.
 C = Inter-level travel time spent in this place.
 D = Time resting spent in this place.
 E = Time spent auto-exploring this place.
 F = Levels seen in this place.
 G = Mean time per level.
                   A        B        C        D        E       F      G
               +--------+--------+--------+--------+--------+-----+--------+
         Total |    552 |    552 |      0 |    170 |    299 |   1 |  552.0 |
       Dungeon |    552 |    552 |      0 |    170 |    299 |   1 |  552.0 |
               +--------+--------+--------+--------+--------+-----+--------+

Top non-repeatable levels by time:
       D: 552 daAuts
